 Dungeon Crawl Stone Soup version 0.29-a0-207-gf982a884d8 (webtiles) character file.

Game seed: 10177305917518111076

3516 drugrobin the Spear-Bearer (level 9, -4/67 HPs)
             Began as a Demigod Warper on Feb 23, 2022.
             Slain by an orc warrior
             ... wielding a +0 battleaxe
              (22 damage)
             ... in a bailey.
             The game lasted 00:36:02 (11748 turns).

drugrobin the Spear-Bearer (Demigod Warper)        Turns: 11748, Time: 00:36:04

Health: -4/67      AC: 14    Str: 24    XL:     9   Next: 52%
Magic:  9/23       EV:  8    Int: 15    God:
Gold:   268        SH:  0    Dex: 13    Spells: 3/11 levels left

rFire   . . .      SeeInvis .   a - +2 trident (venom)
rCold   . . .      Faith    .   Q - orb {mayhem}
rNeg    + + .      Spirit   .   O - +0 shadow dragon scales
rPois   .          Reflect  .   S - +2 hat
rElec   .          Harm     .   M - +0 cloak
rCorr   +          Rampage  .   w - +0 pair of gloves of Incorporation {rN++ rCorr}
Will    .....                   (no boots)
Stlth   +++.......              (no amulet)
HPRegen 0.21/turn               K - ring of wizardry
MPRegen 0.18/turn               F - ring of magical power

@: on blink cooldown
A: high MP 1, forlorn, divine attributes
a: no special abilities


You were in a bailey.
You visited 1 branch of the dungeon, and saw 8 of its levels.
You also visited: Bailey.

You collected 431 gold pieces.
You spent 163 gold pieces at shops.

Inventory:

Hand Weapons
 a - a +2 trident of venom (weapon)
 b - a +1 hunting sling of flaming
 c - the +0 hand axe of Dust {vorpal, rPois Stlth+}
   (You found it on level 3 of the Dungeon)

   It inflicts extra damage upon your enemies.
   rPois:     It protects you from poison.
   Stlth:     It makes you more stealthy.
 q - the +2 short sword of Desab {flame, Drain Fly rPois rN++}
   (You found it on level 2 of the Dungeon)

   It burns those it strikes, dealing additional fire damage.
   rPois:     It protects you from poison.
   rN:        It greatly protects you from negative energy.
   Fly:       It grants you flight.
   Drain:     It drains your maximum health when unequipped.
Missiles
 i - a throwing net
 k - 3 javelins
 m - 255 stones
 A - 6 silver boomerangs
 B - 3 poisoned darts
 R - 5 boomerangs (quivered)
Armour
 w - the +0 pair of gloves of Incorporation (worn) {rN++ rCorr}
   (You found it on level 3 of the Dungeon)

   rN:        It greatly protects you from negative energy.
   rCorr:     It protects you from acid and corrosion.
 M - a +0 cloak (worn)
 O - +0 shadow dragon scales (worn)
 Q - an orb of mayhem (worn)
 S - a +2 hat (worn)
Magical Staves
 H - a staff of earth
 N - a staff of fire
Jewellery
 v - a ring of flight
 F - a ring of magical power (right hand)
 K - a ring of wizardry (left hand)
 L - a ring of ice
Wands
 d - a wand of paralysis (9)
 y - a wand of iceblast (17)
 G - a wand of flame (11)
 I - a wand of charming (8)
 P - a wand of mindburst (11)
Scrolls
 h - 4 scrolls of teleportation {unknown}
 l - 2 scrolls of immolation {unknown}
 n - 8 scrolls of identify {unknown}
 o - a scroll of noise {unknown}
 p - 2 scrolls of magic mapping {unknown}
 s - a scroll of vulnerability {unknown}
 t - a scroll of enchant armour {unknown}
 u - a scroll of blinking
 T - a scroll of acquirement {unknown}
Potions
 e - 3 potions of degeneration {unknown}
 f - 3 potions of curing {unknown}
 g - 2 potions of heal wounds {unknown}
 j - 2 potions of resistance
 r - 2 potions of lignification {unknown}
 x - 3 potions of haste
 z - 2 potions of flight
 C - 3 potions of brilliance {unknown}
 D - a potion of might {unknown}
 E - 3 potions of magic {unknown}
 J - a potion of berserk rage {unknown}


   Skills:
 - Level 1.7 Fighting
 + Level 12.8 Polearms
 - Level 0.8 Throwing
 - Level 0.8 Armour
 - Level 1.7 Dodging
 - Level 2.0 Stealth
 - Level 1.7 Spellcasting
 - Level 2.6 Translocations


You had 3 spell levels left.
You knew the following spells:

 Your Spells              Type           Power      Damage    Failure   Level
a - Blink                 Tloc           18%        N/A       34%         2
b - Teleport Other        Tloc           9%         N/A       56%         3
c - Gell's Gravitas       Tloc           9%         N/A       56%         3

Your spell library contained the following spells:

 Spells                   Type           Power      Damage    Failure   Level
 Animate Skeleton         Necr           2%         N/A       56%         1
 Pain                     Necr           4%         1d4       56%         1
 Sandblast                Erth           2%         2d4       56%         1
 Lesser Beckoning         Tloc           9%         N/A       56%         3
 Ensorcelled Hibernation  Hex/Ice        2%         N/A       71%         2
 Passwall                 Tmut/Erth      0%         N/A       71%         2
 Stone Arrow              Conj/Erth      2%         3d7       89%         3
 Swiftness                Air            1%         N/A       89%         3
 Vampiric Draining        Necr           1%         2d6       89%         3
 Manifold Assault         Tloc           9%         N/A       99%         5


Dungeon Overview and Level Annotations

Branches:
Dungeon (8/15)             Temple (0/1) D:6          Bailey (1/1)
   Lair: D:8-11

Shops:
D:3 (   D:4 (:   D:6 (   D:8 ?*=


Innate Abilities, Weirdness & Mutations

You have an increased reservoir of magic. (+10% MP)
You shall have no god before yourself.
Your divine heritage dramatically boosts your attributes as you level up.


Message History

The floor.
Unknown command.
Aiming: Iceblast
Press: ? - help, Shift-Dir - straight line, p - orc warrior The mass of ice explodes!
The iceblast engulfs the orc warrior but does no damage.
The orc warrior is moderately wounded.
The iceblast engulfs the orc knight!
You kill the orc knight!
The orc warrior flies into a frenzy!
The iceblast engulfs the orc warrior!
The orc warrior is heavily wounded.
The orc warrior barely misses the orc warrior.
The orc warrior closely misses you.
The orc warrior misses the orc warrior.
Unknown command.
Unknown command.
Unknown command.
Unknown command.
Casting: Blink (dangerous; 34% risk of failure)
Confirm with . or Enter, or press ? or * to list all spells.
You blink.
The orc warrior hits the orc warrior with a +0 battleaxe!!
The orc warrior dies!
Casting: Blink (dangerous; 34% risk of failure)
Confirm with . or Enter, or press ? or * to list all spells.
Aiming: Teleport Other (dangerous; 56% risk of failure)
Press: ? - help, Shift-Dir - straight line, f - orc warrior
Aim: an orc warrior, wielding a +0 battleaxe and wearing a +0 scale mail (moderately wounded, fast, strong, frenzied and insane, unaware, chance to affect: 47%)
The orc warrior resists with some effort.
Unknown command.
The orc warrior hits you with a +0 battleaxe!
* * * LOW HITPOINT WARNING * * *
Casting: Teleport Other (dangerous; 56% risk of failure)
Confirm with . or Enter, or press ? or * to list all spells.
Okay, then.
Aiming: Paralyse
Press: ? - help, Shift-Dir - straight line, f/p - orc warrior
Aim: an orc warrior, wielding a +0 battleaxe and wearing a +0 scale mail (moderately wounded, fast, strong, frenzied and insane, chance to affect: 49%)
The orc warrior resists with some effort.
The orc warrior hits you with a +0 battleaxe!!
You die...

###.......##
####.....##
####...##
##...###
##.....##
##.......##
#.........#
#....∩.)).#
#..@o(....#
##.......##
###...###
#####


You could see a neutral orc warrior (fast, strong, insane).

Vanquished Creatures
  An orc knight (Bailey)
  A cyclops (D:6)
  Prince Ribbit (D:6)
  Sigmund (D:4)
  Menkaure (D:5)
  Duvessa (D:5)
  2 water moccasins
  A black bear (D:7)
  2 necrophages
  An ice beast (D:6)
  An orc warrior (D:6)
  A sky beast (D:7)
  3 ogres
  A phantom (D:5)
  A kobold brigand (D:8)
  Blork the orc (D:5)
  Dowan (D:5)
  A water moccasin skeleton (D:6)
  2 vampire bats (D:4)
  A centaur zombie (D:5)
  3 hounds
  A bullfrog zombie (D:6)
  A gnoll shaman (D:4)
  3 orc priests
  An orc wizard (D:6)
  3 iguanas
  An ogre zombie (D:5)
  2 hound skeletons
  A howler monkey zombie (D:8)
  10 gnolls
  A gnoll zombie (D:5)
  5 adders
  A white imp (D:6)
  An ufetubus (D:4)
  A worm (D:5)
  3 dart slugs
  13 orcs
  5 endoplasms
  2 giant cockroaches
  11 goblins
  7 hobgoblins
  3 jackals (D:3)
  4 quokkas
  5 ball pythons
  9 bats
  3 frilled lizards
  12 kobolds
  6 rats
143 creatures vanquished.

Vanquished Creatures (collateral kills)
  An orc warrior (Bailey)
  A kobold (Bailey)
2 creatures vanquished.

Vanquished Creatures (others)
  A goblin (Bailey)
  3 kobolds (Bailey)
4 creatures vanquished.

Grand Total: 149 creatures vanquished

Notes
Turn   | Place    | Note
-------+----------+-------------------------------------------
     0 | D:1      | drugrobin the Demigod Warper began the quest for the Orb.
     0 | D:1      | Reached XP level 1. HP: 17/17 MP: 5/5
   118 | D:1      | Reached skill level 2 in Polearms
   761 | D:1      | Reached XP level 2. HP: 19/24 MP: 7/7
  1280 | D:1      | Learned a level 2 spell: Blink
  1697 | D:1      | Reached skill level 3 in Polearms
  2050 | D:2      | Reached XP level 3. HP: 24/29 MP: 8/8
  2719 | D:2      | Learned a level 3 spell: Teleport Other
  2781 | D:2      | Identified the +2 short sword of Desab {flame, Drain Fly
                  | rPois rN++}
  3440 | D:3      | Found Irajaxar's Weapon Shop.
  3933 | D:3      | Identified the +0 hand axe of Dust {vorpal, rPois Stlth+}
  3974 | D:3      | Reached skill level 1 in Stealth
  3974 | D:3      | Reached XP level 4. HP: 17/36 MP: 9/9
  3979 | D:3      | Reached skill level 4 in Polearms
  4227 | D:3      | Identified the +0 pair of gloves of Incorporation {rN++
                  | rCorr}
  4779 | D:4      | Found Rateelli's Self-Improvement Boutique.
  4864 | D:4      | Noticed an ogre
  5108 | D:4      | Found Xocwoec's Weapon Shop.
  5114 | D:4      | Bought a +0 short sword of venom for 78 gold pieces
  5144 | D:4      | Noticed Sigmund
  5280 | D:4      | Reached XP level 5. HP: 34/41 MP: 10/10
  5415 | D:4      | Reached skill level 5 in Polearms
  5881 | D:4      | Reached XP level 6. HP: 31/48 MP: 11/11
  7008 | D:3      | Reached skill level 6 in Polearms
  7033 | D:5      | Entered Level 5 of the Dungeon
  7132 | D:5      | Found a transporter.
  7215 | D:5      | Found a transporter.
  7692 | D:5      | Noticed Duvessa
  7714 | D:5      | Noticed Dowan
  7847 | D:5      | Reached skill level 7 in Polearms
  8058 | D:5      | Reached XP level 7. HP: 47/53 MP: 12/12
  8059 | D:5      | Noticed Menkaure
  8059 | D:5      | Noticed Blork the orc
  8073 | D:5      | Killed Blork the orc
  8076 | D:5      | Killed Menkaure
  8290 | D:5      | Learned a level 3 spell: Gell's Gravitas
  8474 | D:5      | Killed Duvessa
  8475 | D:5      | Reached skill level 8 in Polearms
  8535 | D:5      | Killed Dowan
  9053 | D:6      | Reached skill level 9 in Polearms
  9053 | D:6      | Reached XP level 8. HP: 51/60 MP: 13/13
  9100 | D:6      | Noticed a cyclops
  9567 | D:6      | Found Ceecsunk's Antique Weapon Boutique.
  9575 | D:6      | Bought a glowing hunting sling for 85 gold pieces
  9591 | D:6      | Found a staircase to the Ecumenical Temple.
  9596 | D:6      | Noticed Prince Ribbit
  9780 | D:6      | Killed Prince Ribbit
  9781 | D:6      | Reached skill level 10 in Polearms
 10462 | D:4      | Killed Sigmund
 10714 | D:6      | Killed a cyclops
 10715 | D:6      | Reached skill level 11 in Polearms
 10715 | D:6      | Reached XP level 9. HP: 67/67 MP: 14/14
 11212 | D:7      | Reached skill level 12 in Polearms
 11278 | D:7      | You fall into a shaft and drop 1 floor!
 11279 | D:8      | Found Xaug's Jewellery Emporium.
 11530 | D:8      | Found Loesokhle's Magic Scroll Shoppe.
 11541 | D:8      | Found Hiabik's General Store.
 11585 | D:8      | Found a flagged portal.
 11659 | Bailey   | Entered a bailey
 11682 | Bailey   | Noticed an orc knight
 11684 | Bailey   | Noticed an orc knight
 11744 | Bailey   | Killed an orc knight
 11748 | Bailey   | Slain by an orc warrior

Illustrated notes

Levels and vault maps discovered:
D:1:      dpeg_arrival_refuge, layout_loops_ring
D:2:      layout_rooms
D:3:      minmay_spotlight, layout_basic, serial_shops,
          nicolae_shop_bloodbath_and_beyond
D:4:      layout_basic, serial_shops, shop, roderic_batcave,
          nicolae_shop_self_help, uniq_sigmund
D:5:      gammafunk_cloud_chamber, layout_basic, nicolae_uskayaw_dance_hall,
          grunt_temple_overflow_open, uniq_menkaure, uniq_blork_the_orc,
          uniq_duvessa
D:6:      layout_loops_ring, minmay_temple_entry_sparse_star, serial_shops,
          nicolae_diamond_shop, roderic_filled_cross, uniq_prince_ribbit1
D:7:      layout_rooms, cheibriados_altar_1, mainiacjoe_overflow_catwalk,
          wad_floor_pattern_2
D:8:      layout_basic, nicolae_overflow_crystal_walls, enter_bailey_5,
          serial_shops, kennysheep_little_box,
          nicolae_shop_temple_entry_statues_fountains,
          nicolae_shop_behind_doors, nicolae_diamond_shop,
          serial_co_window_serial, co_window_paths_b,
          co_window_of_opportunity_a, co_window_corner_a, co_window_paths_b,
          co_window_paths_a, co_window_corner_ca, co_window_corner_b,
          co_window_2corner, co_window_cross_3, glass_columns_c,
          small_statue_intersection
Bailey:   bailey_axe_4, bailey

Skill      XL: |  1  2  3  4  5  6  7  8  9 |
---------------+----------------------------+-----
Polearms       | 2 3 4 5 7 9 11 12 | 12.8
Stealth        | 1 2 |  2.0
Fighting       | |  1.7
Throwing       | |  0.8
Armour         | |  0.8
Dodging        | |  1.7
Spellcasting   | |  1.7
Translocations | |  2.6

Action                   |  1- 3 |  4- 6 |  7- 9 || total
-------------------------+-------+-------+-------++-------
Melee: Spear             |    40 |       |       ||    40
       Trident           |   139 |    57 |   155 ||   351
       Hand axe          |     9 |    79 |    21 ||   109
       Punch             |     2 |     3 |       ||     5
       Short sword       |       |    25 |       ||    25
 Fire: Hunting sling     |     1 |     7 |    20 ||    28
Throw: Stone             |     4 |       |       ||     4
       Boomerang         |     5 |     9 |     7 ||    21
       Javelin           |     2 |       |       ||     2
       Dart              |     1 |     5 |     3 ||     9
 Cast: Blink             |     3 |     2 |     7 ||    12
       Teleport Other    |       |     3 |     5 ||     8
       Gell's Gravitas   |       |       |     3 ||     3
Evoke: Wand              |       |       |    17 ||    17
 Stab: Sleeping          |     3 |     4 |     2 ||     9
Armor: Leather armour    |    42 |    55 |    14 ||   111
       Shadow dragon sca |       |       |    42 ||    42
Dodge: Dodged            |    89 |    96 |    53 ||   238

Table legend: (Time is in decaauts)
 A = Elapsed time spent in this place.
 B = Non-inter-level travel time spent in this place.
 C = Inter-level travel time spent in this place.
 D = Time resting spent in this place.
 E = Time spent auto-exploring this place.
 F = Levels seen in this place.
 G = Mean time per level.
                   A        B        C        D        E       F      G
               +--------+--------+--------+--------+--------+-----+--------+
         Total |  11753 |  10896 |    857 |   2883 |   4687 |   9 | 1305.9 |
       Dungeon |  11668 |  10811 |    857 |   2883 |   4687 |   8 | 1458.5 |
        Bailey |     85 |     85 |      0 |      0 |      0 |   1 |   85.0 |
               +--------+--------+--------+--------+--------+-----+--------+

Top non-repeatable levels by time:
     D:1: 2402 daAuts
     D:4: 2338 daAuts
     D:3: 1859 daAuts
     D:5: 1845 daAuts
     D:6: 1463 daAuts
     D:2: 838 daAuts
     D:7: 543 daAuts
     D:8: 376 daAuts
  Bailey: 85 daAuts
